Flames vs Avalanche

Created - March 10, 2016 at 17:46

Goals
1 2 3 T
Flames 0 1 1 2
Avalanche 0 1 0 1
Shots
1 2 3 T
Flames 6 8 9 23
Avalanche 10 9 10 29

1st period

No Goal

Penalties :
Tyson Barrie (COL) for Slashing (Minor) at 8:54, Tyson Barrie (COL) for Holding (Minor) at 16:50

2nd period

1. Avalanche , Nikita Nesterov 3 (Kevin Shattenkirk, Paul Stastny) at 3:52 (PP)
2. Flames , Bobby Ryan 14 (Justin Faulk, Erik Johnson) at 4:05

Penalties :
Antoine Vermette (CGY) for Tripping (Minor) at 2:54, Blake Comeau (COL) for Roughing (Minor) at 9:08, Kevan Miller (CGY) for Interference (Minor) at 11:14, Nikita Nesterov (COL) for Holding Stick (Minor) at 15:51, Joffrey Lupul (COL) for Holding (Minor) at 17:57

3rd period

3. Flames , Bobby Ryan 15 (Jack Johnson, Brad Stuart) at 10:17

Penalties :
Anze Kopitar (CGY) for Hooking (Minor) at 0:18, Luke Schenn (COL) for Holding (Minor) at 10:22, Jarret Stoll (CGY) for Hooking (Minor) at 17:38

Goalie Stats

Andrei Vasilevskiy (CGY), 28 saves from 29 shots - (0.966), W, 2-3-2, 60:00 minutes
Jimmy Howard (COL), 21 saves from 23 shots - (0.913), L, 27-25-6, 59:15 minutes

Players Stats for Flames

Player Name              G  A  P  +/- PIM S  H  SB GA TA FO     MP     PP MP  PK MP  
------------------------------------------------------------------------------------
Andrej Nestrasil         0  0  0   0  0   3  0  0  0  0  1/2    11:39   0:00   5:18 
Andrew Miller            0  0  0   0  0   0  0  0  0  0  2/10   10:30   0:00   1:38 
Antoine Vermette         0  0  0   0  2   3  0  0  0  0  14/22  18:38   6:27   1:16 
Anze Kopitar             0  0  0   2  2   1  3  1  0  0  8/18   20:49   5:27   0:21 
Bobby Ryan               2  0  2   2  0   5  0  0  0  0  1/1    21:45   5:27   1:16 
Brad Stuart              0  1  1   1  0   2  2  0  0  0  0/0    21:49   5:40   3:24 
Bryan Bickell            0  0  0   0  0   1  0  0  0  0  0/0     9:13   0:00   0:21 
David Perron             0  0  0   2  0   1  2  0  0  0  2/3    20:39   5:37   0:00 
Erik Johnson             0  1  1   1  0   2  3  2  0  0  0/0    27:13   5:57   3:31 
Jack Johnson             0  1  1   1  0   1  2  2  0  0  0/0    22:06   5:57   3:24 
Jared Spurgeon           0  0  0   0  0   0  0  0  0  0  0/0    10:58   0:17   0:00 
Jarret Stoll             0  0  0   0  2   0  4  0  0  0  12/23  16:00   6:00   3:40 
Justin Faulk             0  1  1   1  0   2  4  0  0  0  0/0    27:13   5:57   3:31 
Kevan Miller             0  0  0   0  2   0  2  0  0  0  0/0    10:40   0:00   0:00 
Mason Raymond            0  0  0   0  0   0  0  0  0  0  1/1    10:56   0:00   0:00 
Matt Cullen              0  0  0   0  0   1  0  0  0  0  0/1     6:38   0:17   0:00 
Mikkel Boedker           0  0  0   0  0   1  0  0  0  0  0/2    17:23   6:27   0:00 
Patrick Dwyer            0  0  0   0  0   0  0  0  0  0  0/0     8:52   0:00   0:00 

Players Stats for Avalanche

Player Name              G  A  P  +/- PIM S  H  SB GA TA FO     MP     PP MP  PK MP  
------------------------------------------------------------------------------------
Anthony Duclair          0  0  0  -1  0   0  1  0  0  0  1/3    13:35   0:00   0:00 
Blake Comeau             0  0  0   0  2   1  4  0  0  0  2/2    19:37   3:25   5:37 
Chris Tierney            0  0  0   0  0   0  0  0  0  0  6/7     6:48   0:00   0:00 
Derek Stepan             0  0  0  -1  0   5  0  0  0  0  15/30  24:13   3:30   6:46 
Elias Lindholm           0  0  0   0  0   1  0  0  0  0  0/1    14:06   3:30   0:00 
Jason Chimera            0  0  0  -1  0   1  0  0  0  0  0/0    10:12   0:00   0:00 
Jesper Fast              0  0  0  -1  0   0  1  0  0  0  0/0    13:20   3:30   0:00 
Joffrey Lupul            0  0  0   0  2   1  1  0  0  0  2/2     7:56   0:00   1:09 
Kevin Shattenkirk        0  1  1   0  0   4  1  1  0  0  0/0    24:19   3:51   7:22 
Luke Schenn              0  0  0   0  2   0  2  0  0  0  0/0    20:32   0:00   4:29 
Markus Granlund          0  0  0   0  0   1  0  0  0  0  0/0     6:48   0:00   0:00 
Mats Zuccarello          0  0  0  -1  0   6  2  1  0  0  1/2    22:30   3:25   5:08 
Nikita Nesterov          1  0  1  -1  2   1  0  0  0  0  0/0    17:59   3:51   1:06 
Paul Stastny             0  1  1   0  0   2  1  0  0  0  15/31  19:09   3:25   5:08 
Rickard Rakell           0  0  0  -1  0   2  0  0  0  0  0/5     9:50   0:00   0:00 
Sami Vatanen             0  0  0  -1  0   2  1  2  0  0  0/0    22:27   3:04   7:19 
Stuart Percy             0  0  0  -1  0   0  1  0  0  0  0/0    13:27   0:00   0:24 
Tyson Barrie             0  0  0  -1  4   2  3  2  0  0  0/0    21:12   3:04   3:08 

3 Stars

1 - Bobby Ryan (CGY)
2 - Andrei Vasilevskiy (CGY)
3 - Justin Faulk (CGY)

Power Play

Flames - 0 on 6 Attempt(s) - 0.00%
Avalanche - 1 on 4 Attempt(s) - 25.00%

Penalty Kill

Flames - 3 on 4 Attempt(s) - 75.00% - Score 0 goal in Penalty Kill
Avalanche - 6 on 6 Attempt(s) - 100.00% - Score 0 goal in Penalty Kill

Team Stat

Flames - Hits : 22 - Faceoff Wins : 41 - Blocked Shots : 5 - Penalty Minutes : 8
Avalanche - Hits : 18 - Faceoff Wins : 42 - Blocked Shots : 6 - Penalty Minutes : 12

Official

Referees : Francis Charron and Chris Rooney
Linesman : Jean Morin and Kiel Murchison

Game Notes

No Game Note

Finance

Level 1 -- Attendance: 5974 (91.91%) -- Ticket Income $609,348
Level 2 -- Attendance: 4499 (89.98%) -- Ticket Income $337,425
Level 3 -- Attendance: 2846 (81.31%) -- Ticket Income $156,530
Level 4 -- Attendance: 1992 (99.25%) -- Ticket Income $89,640
Luxury Box -- Attendance: 956 (95.60%) -- Ticket Income $191,200
Game was played at the Pepsi Center.
Total Attendance: 16267 (90.34%)
Total Ticket Income: $1,384,143
Other Income: $207,621
Total Income: $1,591,764

% Time on Ice - Flames

Lines # - Real PCT - Wanted PCT - Time Play
Normal Forward
1 - 36% - 40% - 14:40
2 - 27% - 30% - 10:56
3 - 16% - 20% - 6:21
4 - 22% - 10% - 8:52
Normal Defense
1 - 40% - 40% - 16:20
2 - 31% - 30% - 12:45
3 - 26% - 20% - 10:41
4 - 3% - 10% - 1:03
PP Forward
1 - 46% - 50% - 5:27
2 - 54% - 50% - 6:27
PP Defense
1 - 50% - 60% - 5:57
2 - 50% - 40% - 5:57
PK Forward
1 - 18% - 40% - 1:16
2 - 82% - 60% - 5:39
PK Defense
1 - 51% - 60% - 3:31
2 - 49% - 40% - 3:24
PK3 Forward
1 - 0% - 60%
2 - 0% - 40%
PK3 Defense
1 - 0% - 60%
2 - 0% - 40%
44 Forward
1 - 0% - 50%
2 - 0% - 50%
44 Defense
1 - 0% - 60%
2 - 0% - 40%
Last Minute Offensive  - 0:00
Last Minute Defensive  - 0:22
Total
Forward - 60:00
Defense - 60:00

% Time on Ice - Avalanche

Lines # - Real PCT - Wanted PCT - Time Play
Normal Forward
1 - 33% - 35% - 13:35
2 - 26% - 30% - 10:36
3 - 24% - 20% - 9:50
4 - 17% - 15% - 6:48
Normal Defense
1 - 29% - 30% - 11:55
2 - 29% - 30% - 11:42
3 - 32% - 30% - 13:03
4 - 10% - 10% - 4:09
PP Forward
1 - 51% - 50% - 3:30
2 - 49% - 50% - 3:25
PP Defense
1 - 56% - 50% - 3:51
2 - 44% - 50% - 3:04
PK Forward
1 - 57% - 50% - 6:46
2 - 43% - 50% - 5:08
PK Defense
1 - 54% - 50% - 6:28
2 - 46% - 50% - 5:26
PK3 Forward
1 - 0% - 50%
2 - 0% - 50%
PK3 Defense
1 - 0% - 50%
2 - 0% - 50%
44 Forward
1 - 0% - 50%
2 - 0% - 50%
44 Defense
1 - 0% - 50%
2 - 0% - 50%
Last Minute Offensive  - 0:22
Last Minute Defensive  - 0:00
Total
Forward - 60:00
Defense - 60:00

Play by Play

1st period


0:01 of 1st period - Derek Stepan wins face-off versus Anze Kopitar in neutral zone.
0:10 of 1st period - Shot by Mats Zuccarello.
0:10 of 1st period - Deflect By Derek Stepan.
0:10 of 1st period - Stopped by Andrei Vasilevskiy without a rebound.
0:11 of 1st period - Paul Stastny wins face-off versus Antoine Vermette in Flames zone.
1:23 of 1st period - Rickard Rakell is hit by Justin Faulk and loses puck.
1:28 of 1st period - Shot by Jason Chimera.
1:28 of 1st period - Stopped by Andrei Vasilevskiy without a rebound.
1:29 of 1st period - Derek Stepan wins face-off versus Jarret Stoll in Flames zone.
1:40 of 1st period - Shot by Mats Zuccarello.
1:40 of 1st period - Shot Misses the Net.
1:58 of 1st period - Shot by Mats Zuccarello.
1:58 of 1st period - Stopped by Andrei Vasilevskiy without a rebound.
1:59 of 1st period - Anze Kopitar wins face-off versus Chris Tierney in Flames zone.
1:59 of 1st period - Anze Kopitar is hit by Joffrey Lupul.
2:25 of 1st period - Shot by Anze Kopitar.
2:25 of 1st period - Deflect By David Perron.
2:25 of 1st period - Shot Misses the Net.
2:30 of 1st period - Stuart Percy is hit by Justin Faulk and loses puck.
3:33 of 1st period - Shot by Bryan Bickell.
3:33 of 1st period - Shot Misses the Net.
3:50 of 1st period - Shot by Andrew Miller.
3:50 of 1st period - Shot Misses the Net.
4:38 of 1st period - Paul Stastny is hit by Brad Stuart and loses puck.
5:32 of 1st period - Icing by Erik Johnson.
5:33 of 1st period - Chris Tierney wins face-off versus Antoine Vermette in Flames zone.
6:02 of 1st period - Shot by Chris Tierney.
6:02 of 1st period - Shot Hit the Post.
6:17 of 1st period - Off-side.
6:18 of 1st period - Anze Kopitar wins face-off versus Derek Stepan in neutral zone.
6:21 of 1st period - Shot by Anze Kopitar.
6:21 of 1st period - Shot Hit the Post.
6:39 of 1st period - Shot by Derek Stepan.
6:39 of 1st period - Stopped by Andrei Vasilevskiy without a rebound.
6:40 of 1st period - Andrew Miller wins face-off versus Paul Stastny in Flames zone.
7:08 of 1st period - Icing by Blake Comeau.
7:09 of 1st period - Paul Stastny wins face-off versus Anze Kopitar in Avalanche zone.
7:31 of 1st period - Shot by Paul Stastny.
7:31 of 1st period - Shot Misses the Net.
7:41 of 1st period - Justin Faulk is hit by Mats Zuccarello.
7:42 of 1st period - Icing by Justin Faulk.
7:43 of 1st period - Derek Stepan wins face-off versus Anze Kopitar in Flames zone.
7:46 of 1st period - Shot by Derek Stepan.
7:46 of 1st period - Stopped by Andrei Vasilevskiy with a rebound.
8:11 of 1st period - Anthony Duclair is hit by Erik Johnson and loses puck.
8:54 of 1st period - Minor Penalty to Tyson Barrie for Slashing.
8:55 of 1st period - Derek Stepan wins face-off versus Mikkel Boedker in Avalanche zone.
9:27 of 1st period - Shot by Brad Stuart.
9:27 of 1st period - Stopped by Jimmy Howard without a rebound.
9:28 of 1st period - Antoine Vermette wins face-off versus Paul Stastny in Avalanche zone.
9:35 of 1st period - Shot by Mikkel Boedker.
9:35 of 1st period - Shot Misses the Net.
9:37 of 1st period - Shot by Antoine Vermette.
9:37 of 1st period - Shot Misses the Net.
9:39 of 1st period - Shot by Jack Johnson.
9:39 of 1st period - Shot Misses the Net.
9:41 of 1st period - Shot by Antoine Vermette.
9:41 of 1st period - Stopped by Jimmy Howard with a rebound.
10:07 of 1st period - Shot by Erik Johnson.
10:07 of 1st period - Shot Blocked by Sami Vatanen.
10:11 of 1st period - Shot by Justin Faulk.
10:11 of 1st period - Stopped by Jimmy Howard without a rebound.
10:12 of 1st period - Jarret Stoll wins face-off versus Derek Stepan in Avalanche zone.
10:12 of 1st period - Bobby Ryan is hit by Luke Schenn and loses puck.
10:17 of 1st period - Shot by Justin Faulk.
10:17 of 1st period - Stopped by Jimmy Howard without a rebound.
10:18 of 1st period - Jarret Stoll wins face-off versus Derek Stepan in Avalanche zone.
11:20 of 1st period - Shot by Rickard Rakell.
11:20 of 1st period - Stopped by Andrei Vasilevskiy without a rebound.
11:21 of 1st period - Antoine Vermette wins face-off versus Elias Lindholm in Flames zone.
11:27 of 1st period - Mikkel Boedker is hit by Tyson Barrie and loses puck.
11:35 of 1st period - Mason Raymond is hit by Tyson Barrie and loses puck.
11:43 of 1st period - Icing by Sami Vatanen.
11:44 of 1st period - Jarret Stoll wins face-off versus Paul Stastny in Avalanche zone.
12:01 of 1st period - Shot by Paul Stastny.
12:01 of 1st period - Stopped by Andrei Vasilevskiy without a rebound.
12:02 of 1st period - Derek Stepan wins face-off versus Anze Kopitar in Flames zone.
12:03 of 1st period - Shot by Mats Zuccarello.
12:03 of 1st period - Stopped by Andrei Vasilevskiy without a rebound.
12:04 of 1st period - David Perron wins face-off versus Derek Stepan in Flames zone.
12:12 of 1st period - Erik Johnson is hit by Anthony Duclair and loses puck.
12:18 of 1st period - Erik Johnson is hit by Luke Schenn and loses puck.
12:25 of 1st period - Shot by David Perron.
12:25 of 1st period - Deflect By Bobby Ryan.
12:25 of 1st period - Stopped by Jimmy Howard without a rebound.
12:26 of 1st period - Antoine Vermette wins face-off versus Paul Stastny in Avalanche zone.
12:29 of 1st period - Shot by Mikkel Boedker.
12:29 of 1st period - Shot Misses the Net.
12:39 of 1st period - Jack Johnson is hit by Paul Stastny and loses puck.
13:02 of 1st period - Shot by Elias Lindholm.
13:02 of 1st period - Shot Misses the Net.
15:13 of 1st period - Icing by Jack Johnson.
15:14 of 1st period - Paul Stastny wins face-off versus Andrew Miller in Flames zone.
15:31 of 1st period - Jack Johnson is hit by Blake Comeau.
15:41 of 1st period - Shot by Paul Stastny.
15:41 of 1st period - Stopped by Andrei Vasilevskiy with a rebound.
16:41 of 1st period - Off-side.
16:42 of 1st period - Antoine Vermette wins face-off versus Rickard Rakell in neutral zone.
16:47 of 1st period - Shot by Mikkel Boedker.
16:47 of 1st period - Shot Blocked by Tyson Barrie.
16:50 of 1st period - Minor Penalty to Tyson Barrie for Holding.
16:51 of 1st period - Blake Comeau wins face-off versus Antoine Vermette in Avalanche zone.
17:19 of 1st period - David Perron is hit by Kevin Shattenkirk and loses puck.
18:09 of 1st period - Brad Stuart is hit by Blake Comeau and loses puck.
18:30 of 1st period - Derek Stepan is hit by David Perron and loses puck.
18:47 of 1st period - Shot by Erik Johnson.
18:47 of 1st period - Stopped by Jimmy Howard without a rebound.
18:48 of 1st period - Paul Stastny wins face-off versus Jarret Stoll in Avalanche zone.
18:48 of 1st period - Paul Stastny is hit by Jarret Stoll.
19:28 of 1st period - Jesper Fast is hit by Kevan Miller.
19:52 of 1st period - Shot by Markus Granlund.
19:52 of 1st period - Stopped by Andrei Vasilevskiy without a rebound.
19:53 of 1st period - Mason Raymond wins face-off versus Paul Stastny in Flames zone.
Goals for this period are 0 for Flames vs 0 for Avalanche.
Shots for this period are 6 for Flames vs 10 for Avalanche.

2nd period


0:01 of 2nd period - Anthony Duclair wins face-off versus Anze Kopitar in neutral zone.
1:00 of 2nd period - Icing by Tyson Barrie.
1:01 of 2nd period - Derek Stepan wins face-off versus Mikkel Boedker in Avalanche zone.
1:59 of 2nd period - Shot by Matt Cullen.
1:59 of 2nd period - Shot Misses the Net.
2:03 of 2nd period - Shot by Andrej Nestrasil.
2:03 of 2nd period - Stopped by Jimmy Howard without a rebound.
2:04 of 2nd period - Joffrey Lupul wins face-off versus Andrew Miller in Avalanche zone.
2:06 of 2nd period - Icing by Stuart Percy.
2:07 of 2nd period - Chris Tierney wins face-off versus Anze Kopitar in Avalanche zone.
2:07 of 2nd period - Chris Tierney is hit by Anze Kopitar.
2:49 of 2nd period - Shot by Bobby Ryan.
2:49 of 2nd period - Stopped by Jimmy Howard without a rebound.
2:50 of 2nd period - Antoine Vermette wins face-off versus Derek Stepan in Avalanche zone.
2:54 of 2nd period - Minor Penalty to Antoine Vermette for Tripping.
2:55 of 2nd period - Derek Stepan wins face-off versus Jarret Stoll in Flames zone.
2:55 of 2nd period - Derek Stepan is hit by Brad Stuart.
2:57 of 2nd period - Shot by Tyson Barrie.
2:57 of 2nd period - Stopped by Andrei Vasilevskiy without a rebound.
2:58 of 2nd period - Jarret Stoll wins face-off versus Paul Stastny in Flames zone.
3:06 of 2nd period - Off-side.
3:07 of 2nd period - Derek Stepan wins face-off versus Andrej Nestrasil in neutral zone.
3:26 of 2nd period - Shot by Sami Vatanen.
3:26 of 2nd period - Stopped by Andrei Vasilevskiy without a rebound.
3:27 of 2nd period - Jarret Stoll wins face-off versus Paul Stastny in Flames zone.
3:27 of 2nd period - Jarret Stoll is hit by Blake Comeau.
3:46 of 2nd period - Shot by Paul Stastny.
3:46 of 2nd period - Shot Blocked by Jack Johnson.
3:48 of 2nd period - Shot by Kevin Shattenkirk.
3:48 of 2nd period - Stopped by Andrei Vasilevskiy with a rebound.
3:50 of 2nd period - Shot by Nikita Nesterov.
3:50 of 2nd period - Shot Blocked by Jack Johnson.
3:52 of 2nd period - Shot by Nikita Nesterov.
3:52 of 2nd period - Goal by Nikita Nesterov - Flames : 0 - Avalanche : 1.
3:53 of 2nd period - Anze Kopitar wins face-off versus Rickard Rakell in neutral zone.
3:53 of 2nd period - Anze Kopitar is hit by Jesper Fast.
4:00 of 2nd period - Erik Johnson is hit by Tyson Barrie and loses puck.
4:05 of 2nd period - Shot by Bobby Ryan.
4:05 of 2nd period - Goal by Bobby Ryan - Flames : 1 - Avalanche : 1.
4:06 of 2nd period - Antoine Vermette wins face-off versus Derek Stepan in neutral zone.
4:33 of 2nd period - Shot by Antoine Vermette.
4:33 of 2nd period - Stopped by Jimmy Howard with a rebound.
4:41 of 2nd period - Shot by Derek Stepan.
4:41 of 2nd period - Shot Misses the Net.
4:43 of 2nd period - Shot by Derek Stepan.
4:43 of 2nd period - Deflect By Mats Zuccarello.
4:43 of 2nd period - Shot Misses the Net.
4:56 of 2nd period - Icing by Mikkel Boedker.
4:57 of 2nd period - Paul Stastny wins face-off versus Antoine Vermette in Flames zone.
6:39 of 2nd period - Shot by Derek Stepan.
6:39 of 2nd period - Deflect By Mats Zuccarello.
6:39 of 2nd period - Stopped by Andrei Vasilevskiy without a rebound.
6:40 of 2nd period - Joffrey Lupul wins face-off versus Jarret Stoll in Flames zone.
7:06 of 2nd period - Off-side.
7:07 of 2nd period - Antoine Vermette wins face-off versus Derek Stepan in neutral zone.
8:07 of 2nd period - Off-side.
8:08 of 2nd period - Paul Stastny wins face-off versus Jarret Stoll in neutral zone.
8:12 of 2nd period - Off-side.
8:13 of 2nd period - Jarret Stoll wins face-off versus Paul Stastny in neutral zone.
8:16 of 2nd period - Shot by Matt Cullen.
8:16 of 2nd period - Stopped by Jimmy Howard without a rebound.
8:17 of 2nd period - Paul Stastny wins face-off versus Anze Kopitar in Avalanche zone.
8:28 of 2nd period - Shot by Elias Lindholm.
8:28 of 2nd period - Stopped by Andrei Vasilevskiy without a rebound.
8:29 of 2nd period - Jarret Stoll wins face-off versus Rickard Rakell in Flames zone.
8:38 of 2nd period - Shot by Rickard Rakell.
8:38 of 2nd period - Stopped by Andrei Vasilevskiy without a rebound.
8:39 of 2nd period - Anze Kopitar wins face-off versus Paul Stastny in Flames zone.
8:39 of 2nd period - Anze Kopitar is hit by Blake Comeau.
9:08 of 2nd period - Minor Penalty to Blake Comeau for Roughing.
9:09 of 2nd period - Antoine Vermette wins face-off versus Paul Stastny in Avalanche zone.
10:06 of 2nd period - Shot by Erik Johnson.
10:06 of 2nd period - Shot Misses the Net.
11:14 of 2nd period - Minor Penalty to Kevan Miller for Interference.
11:15 of 2nd period - Derek Stepan wins face-off versus Jarret Stoll in Flames zone.
12:07 of 2nd period - Icing by Kevin Shattenkirk.
12:08 of 2nd period - Jarret Stoll wins face-off versus Derek Stepan in Avalanche zone.
13:37 of 2nd period - Shot by Joffrey Lupul.
13:37 of 2nd period - Stopped by Andrei Vasilevskiy without a rebound.
13:38 of 2nd period - David Perron wins face-off versus Rickard Rakell in Flames zone.
14:01 of 2nd period - Shot by Jason Chimera.
14:01 of 2nd period - Shot Blocked by Anze Kopitar.
14:42 of 2nd period - Shot by Mikkel Boedker.
14:42 of 2nd period - Shot Misses the Net.
15:38 of 2nd period - Shot by Bryan Bickell.
15:38 of 2nd period - Stopped by Jimmy Howard without a rebound.
15:39 of 2nd period - Jarret Stoll wins face-off versus Paul Stastny in Avalanche zone.
15:47 of 2nd period - Matt Cullen is hit by Stuart Percy and loses puck.
15:51 of 2nd period - Minor Penalty to Nikita Nesterov for Holding Stick.
15:52 of 2nd period - Mats Zuccarello wins face-off versus Anze Kopitar in Avalanche zone.
16:32 of 2nd period - Shot by Derek Stepan.
16:32 of 2nd period - Stopped by Andrei Vasilevskiy without a rebound.
16:33 of 2nd period - Paul Stastny wins face-off versus Antoine Vermette in Flames zone.
16:33 of 2nd period - Paul Stastny is hit by Erik Johnson.
16:35 of 2nd period - Shot by Mats Zuccarello.
16:35 of 2nd period - Shot Misses the Net.
16:51 of 2nd period - Off-side.
16:52 of 2nd period - Antoine Vermette wins face-off versus Mats Zuccarello in neutral zone.
17:57 of 2nd period - Minor Penalty to Joffrey Lupul for Holding.
17:58 of 2nd period - Jarret Stoll wins face-off versus Paul Stastny in Avalanche zone.
17:59 of 2nd period - Shot by Bobby Ryan.
17:59 of 2nd period - Shot Blocked by Sami Vatanen.
18:01 of 2nd period - Shot by Brad Stuart.
18:01 of 2nd period - Shot Misses the Net.
18:03 of 2nd period - Shot by Brad Stuart.
18:03 of 2nd period - Shot Misses the Net.
18:05 of 2nd period - Shot by Brad Stuart.
18:05 of 2nd period - Stopped by Jimmy Howard without a rebound.
18:06 of 2nd period - Derek Stepan wins face-off versus Jarret Stoll in Avalanche zone.
18:06 of 2nd period - Derek Stepan is hit by Jarret Stoll.
19:09 of 2nd period - Off-side.
19:10 of 2nd period - Antoine Vermette wins face-off versus Paul Stastny in neutral zone.
19:23 of 2nd period - Shot by Mikkel Boedker.
19:23 of 2nd period - Shot Blocked by Mats Zuccarello.
19:25 of 2nd period - Shot by Erik Johnson.
19:25 of 2nd period - Shot Misses the Net.
19:27 of 2nd period - Shot by Justin Faulk.
19:27 of 2nd period - Shot Misses the Net.
19:29 of 2nd period - Shot by Erik Johnson.
19:29 of 2nd period - Stopped by Jimmy Howard without a rebound.
19:30 of 2nd period - Jarret Stoll wins face-off versus Derek Stepan in Avalanche zone.
Goals for this period are 1 for Flames vs 1 for Avalanche.
Shots for this period are 8 for Flames vs 9 for Avalanche.

3rd period


0:01 of 3rd period - Anze Kopitar wins face-off versus Derek Stepan in neutral zone.
0:16 of 3rd period - Anze Kopitar is hit by Sami Vatanen and loses puck.
0:18 of 3rd period - Minor Penalty to Anze Kopitar for Hooking.
0:19 of 3rd period - Derek Stepan wins face-off versus Jarret Stoll in Flames zone.
0:38 of 3rd period - Shot by Elias Lindholm.
0:38 of 3rd period - Shot Blocked by Erik Johnson.
0:56 of 3rd period - Icing by Kevin Shattenkirk.
0:57 of 3rd period - Andrej Nestrasil wins face-off versus Derek Stepan in Avalanche zone.
1:34 of 3rd period - Shot by Mats Zuccarello.
1:34 of 3rd period - Stopped by Andrei Vasilevskiy without a rebound.
1:35 of 3rd period - Blake Comeau wins face-off versus Antoine Vermette in Flames zone.
1:35 of 3rd period - Sami Vatanen is hit by Justin Faulk and loses puck.
1:40 of 3rd period - Shot by Tyson Barrie.
1:40 of 3rd period - Stopped by Andrei Vasilevskiy without a rebound.
1:41 of 3rd period - Paul Stastny wins face-off versus Jarret Stoll in Flames zone.
1:42 of 3rd period - Shot by Sami Vatanen.
1:42 of 3rd period - Shot Misses the Net.
1:56 of 3rd period - Shot by Tyson Barrie.
1:56 of 3rd period - Deflect By Paul Stastny.
1:56 of 3rd period - Shot Misses the Net.
1:58 of 3rd period - Shot by Mats Zuccarello.
1:58 of 3rd period - Stopped by Andrei Vasilevskiy without a rebound.
1:59 of 3rd period - Paul Stastny wins face-off versus Jarret Stoll in Flames zone.
2:03 of 3rd period - Paul Stastny is hit by Jack Johnson.
2:07 of 3rd period - Shot by Paul Stastny.
2:07 of 3rd period - Shot Misses the Net.
2:57 of 3rd period - Icing by Kevan Miller.
2:58 of 3rd period - Derek Stepan wins face-off versus Andrew Miller in Flames zone.
3:05 of 3rd period - Shot by Derek Stepan.
3:05 of 3rd period - Stopped by Andrei Vasilevskiy with a rebound.
3:36 of 3rd period - Shot by Mats Zuccarello.
3:36 of 3rd period - Stopped by Andrei Vasilevskiy with a rebound.
3:53 of 3rd period - Icing by Luke Schenn.
3:54 of 3rd period - Antoine Vermette wins face-off versus Anthony Duclair in Avalanche zone.
4:39 of 3rd period - Shot by Paul Stastny.
4:39 of 3rd period - Shot Misses the Net.
4:58 of 3rd period - Icing by Antoine Vermette.
4:59 of 3rd period - Antoine Vermette wins face-off versus Rickard Rakell in Flames zone.
5:47 of 3rd period - Shot by Bobby Ryan.
5:47 of 3rd period - Shot Misses the Net.
5:55 of 3rd period - Shot by Bobby Ryan.
5:55 of 3rd period - Shot Misses the Net.
5:57 of 3rd period - Shot by Bobby Ryan.
5:57 of 3rd period - Shot Misses the Net.
6:25 of 3rd period - Shot by David Perron.
6:25 of 3rd period - Shot Misses the Net.
7:15 of 3rd period - Elias Lindholm is hit by Kevan Miller.
7:22 of 3rd period - Icing by Kevan Miller.
7:23 of 3rd period - Jarret Stoll wins face-off versus Derek Stepan in Flames zone.
7:38 of 3rd period - Shot by Andrew Miller.
7:38 of 3rd period - Deflect By Bryan Bickell.
7:38 of 3rd period - Shot Blocked by Kevin Shattenkirk.
8:13 of 3rd period - Icing by Justin Faulk.
8:14 of 3rd period - Chris Tierney wins face-off versus Andrew Miller in Flames zone.
8:14 of 3rd period - Chris Tierney is hit by Erik Johnson.
8:21 of 3rd period - Markus Granlund is hit by Justin Faulk and loses puck.
9:27 of 3rd period - Shot by Paul Stastny.
9:27 of 3rd period - Shot Blocked by Erik Johnson.
9:29 of 3rd period - Shot by Blake Comeau.
9:29 of 3rd period - Stopped by Andrei Vasilevskiy without a rebound.
9:30 of 3rd period - Anze Kopitar wins face-off versus Derek Stepan in Flames zone.
9:30 of 3rd period - Anze Kopitar is hit by Mats Zuccarello.
9:38 of 3rd period - Shot by Bobby Ryan.
9:38 of 3rd period - Stopped by Jimmy Howard without a rebound.
9:39 of 3rd period - Bobby Ryan wins face-off versus Derek Stepan in Avalanche zone.
9:43 of 3rd period - Icing by Nikita Nesterov.
9:44 of 3rd period - Anze Kopitar wins face-off versus Derek Stepan in Avalanche zone.
10:17 of 3rd period - Shot by Bobby Ryan.
10:17 of 3rd period - Goal by Bobby Ryan - Flames : 2 - Avalanche : 1.
10:18 of 3rd period - Antoine Vermette wins face-off versus Paul Stastny in neutral zone.
10:22 of 3rd period - Minor Penalty to Luke Schenn for Holding.
10:23 of 3rd period - Paul Stastny wins face-off versus Antoine Vermette in Avalanche zone.
10:40 of 3rd period - Shot by Jack Johnson.
10:40 of 3rd period - Shot Misses the Net.
10:48 of 3rd period - Shot by Jack Johnson.
10:48 of 3rd period - Shot Blocked by Tyson Barrie.
11:44 of 3rd period - Shot by Jarret Stoll.
11:44 of 3rd period - Shot Misses the Net.
13:30 of 3rd period - Shot by Jarret Stoll.
13:30 of 3rd period - Deflect By Andrej Nestrasil.
13:30 of 3rd period - Stopped by Jimmy Howard with a rebound.
13:38 of 3rd period - Shot by Andrej Nestrasil.
13:38 of 3rd period - Stopped by Jimmy Howard without a rebound.
13:39 of 3rd period - Chris Tierney wins face-off versus Anze Kopitar in Avalanche zone.
13:41 of 3rd period - Icing by Tyson Barrie.
13:42 of 3rd period - Chris Tierney wins face-off versus David Perron in Avalanche zone.
14:08 of 3rd period - Shot by Bobby Ryan.
14:08 of 3rd period - Shot Misses the Net.
14:10 of 3rd period - Shot by David Perron.
14:10 of 3rd period - Stopped by Jimmy Howard with a rebound.
14:12 of 3rd period - Shot by Jack Johnson.
14:12 of 3rd period - Stopped by Jimmy Howard without a rebound.
14:13 of 3rd period - Derek Stepan wins face-off versus Antoine Vermette in Avalanche zone.
14:32 of 3rd period - Shot by Mats Zuccarello.
14:32 of 3rd period - Shot Misses the Net.
14:43 of 3rd period - Icing by Justin Faulk.
14:44 of 3rd period - Antoine Vermette wins face-off versus Paul Stastny in Flames zone.
15:05 of 3rd period - Shot by Mikkel Boedker.
15:05 of 3rd period - Deflect By Antoine Vermette.
15:05 of 3rd period - Stopped by Jimmy Howard without a rebound.
15:06 of 3rd period - Chris Tierney wins face-off versus Anze Kopitar in Avalanche zone.
15:06 of 3rd period - Chris Tierney is hit by Anze Kopitar.
15:15 of 3rd period - Markus Granlund is hit by Jack Johnson and loses puck.
15:34 of 3rd period - Shot by Anze Kopitar.
15:34 of 3rd period - Stopped by Jimmy Howard without a rebound.
15:35 of 3rd period - Paul Stastny wins face-off versus Jarret Stoll in Avalanche zone.
15:49 of 3rd period - Shot by Paul Stastny.
15:49 of 3rd period - Shot Hit the Post.
15:55 of 3rd period - Blake Comeau is hit by Jarret Stoll and loses puck.
16:10 of 3rd period - Shot by Paul Stastny.
16:10 of 3rd period - Shot Hit the Post.
16:15 of 3rd period - Off-side.
16:16 of 3rd period - Anze Kopitar wins face-off versus Anthony Duclair in neutral zone.
16:35 of 3rd period - Derek Stepan is hit by David Perron and loses puck.
17:32 of 3rd period - Shot by Mikkel Boedker.
17:32 of 3rd period - Stopped by Jimmy Howard without a rebound.
17:33 of 3rd period - Paul Stastny wins face-off versus Matt Cullen in Avalanche zone.
17:33 of 3rd period - Paul Stastny is hit by Jarret Stoll.
17:38 of 3rd period - Minor Penalty to Jarret Stoll for Hooking.
17:39 of 3rd period - Derek Stepan wins face-off versus Andrew Miller in Flames zone.
18:28 of 3rd period - Shot by Kevin Shattenkirk.
18:28 of 3rd period - Stopped by Andrei Vasilevskiy without a rebound.
18:29 of 3rd period - Paul Stastny wins face-off versus Andrew Miller in Flames zone.
18:30 of 3rd period - Shot by Kevin Shattenkirk.
18:30 of 3rd period - Stopped by Andrei Vasilevskiy without a rebound.
18:31 of 3rd period - Andrew Miller wins face-off versus Paul Stastny in Flames zone.
19:07 of 3rd period - Icing by Paul Stastny.
19:08 of 3rd period - Paul Stastny wins face-off versus Andrew Miller in Avalanche zone.
19:15 of 3rd period - Avalanche, Jimmy Howard is pulled from the net.
19:19 of 3rd period - Shot by Kevin Shattenkirk.
19:19 of 3rd period - Stopped by Andrei Vasilevskiy without a rebound.
19:20 of 3rd period - Derek Stepan wins face-off versus Andrew Miller in Flames zone.
19:48 of 3rd period - Kevin Shattenkirk is hit by Anze Kopitar and loses puck.
19:57 of 3rd period - Shot by Kevin Shattenkirk.
19:57 of 3rd period - Shot Misses the Net.
19:59 of 3rd period - Shot by Sami Vatanen.
19:59 of 3rd period - Stopped by Andrei Vasilevskiy without a rebound.
Goals for this period are 1 for Flames vs 0 for Avalanche.
Shots for this period are 9 for Flames vs 10 for Avalanche.